Map: 카이로스 정션 - 래더

Players

OGZest (Zest)

  • Race: Protoss Protoss
  • Spawn Location: 11:00

soO - Winner!

  • Race: Zerg Zerg
  • Spawn Location: 5:00

Event: HomeStory Cup XIX

VOD

Have the link to the VOD?

Description

Time

  • Played on: June 28, 2019, 11:55 a.m.
  • Length: 14:46

All games in this series

Show
View Real Time Build Order
Export as new Build Order

OGZest Protoss 

Build Orders: 1 Gate Expand, Oracle Opening, Archon Immortal, Archon Drop 

Get SALT Encoding   

  12  0:00  Probe  
  13  0:12  Probe  
  14  0:17  Pylon  
  14  0:24  Probe  
  15  0:32  Probe  
  15  0:38  Gateway  
  15  0:40  Probe  
  16  0:48  Assimilator  
  17  0:51  Probe  
  18  1:03  Probe  
  19  1:15  Probe  
  20  1:26  Nexus  
  20  1:36  Cybernetics Core  
  20  1:39  Probe  
  21  1:45  Assimilator  
  21  1:51  Probe  
  22  1:55  Pylon  
  22  2:03  Probe, Adept  
  25  2:16  Probe  
  25  2:22  Stargate  
  26  2:28  Probe  
  27  2:31  Warp Gate  
  27  2:35  Probe  
  27  2:39  Stalker  
  27  2:40  Probe  
  27  2:43  Probe  
  32  2:52  Probe  
  32  2:53  Probe  
  32  2:56  Assimilator  
  32  2:57  Oracle  
  34  3:04  Probe  
  34  3:05  Probe  
  39  3:14  Pylon  
  39  3:16  Probe  
  39  3:17  Probe  
  41  3:24  Oracle  
  41  3:28  Assimilator, Probe  
  41  3:29  Probe  
  46  3:36  Gateway  
  46  3:40  Probe  
  47  3:44  Probe  
  48  3:49  Robotics Facility  
  48  3:53  Probe  
  49  3:56  Twilight Council  
  49  4:03  Probe  
  49  4:05  Probe  
  49  4:06  Pylon  
  51  4:15  Gateway x2  
  51  4:19  Probe x2  
  53  4:27  Warp Prism, Pylon  
  53  4:31  Probe x2  
  57  4:41  Templar Archives  
  57  4:46  Zealot x2  
  61  5:00  Nexus  
  61  5:05  Pylon  
  61  5:09  Pylon  
  61  5:16  Forge  
  61  5:17  Observer  
  61  5:19  Probe x2  
  64  5:21  High Templar x3  
  64  5:23  High Templar  
  64  5:26  Archon  
  64  5:27  Archon  
  72  5:31  Shield Battery  
  72  5:32  Probe x2  
  74  5:44  Immortal  
  74  5:52  Probe x2  
  74  5:53  Protoss Ground Weapons Level 1  
  76  6:02  Charge  
  76  6:03  Sentry  
  76  6:04  Probe x2  
  84  6:16  Stalker x3, Probe x2  
  92  6:19  Immortal  
  96  6:29  Pylon  
  83  6:45  Pylon  
  75  6:49  Stalker x4  
  79  6:58  Immortal  
  80  7:02  Shield Battery  
  75  7:18  Stalker  
  72  7:24  Zealot  
  72  7:25  Immortal  
  74  7:33  Zealot x2  
  64  7:42  Pylon  
  68  7:50  Gateway x3  
  68  7:52  Gateway  
  68  8:02  Stalker x4  
  76  8:06  Immortal  
  80  8:30  Pylon  
  80  8:33  Pylon  
  80  8:50  Nexus  
  80  8:57  Sentry x3  
  80  8:58  Zealot x5  
  80  9:01  Probe x2  
  98  9:11  Pylon  
  98  9:15  Immortal  
  102  9:38  Protoss Ground Weapons Level 2  
  102  9:51  Sentry x2  
  106  9:53  Zealot, Pylon  
  106  9:54  Zealot  
  106  9:55  Pylon  
  106  9:58  Pylon  
  110  10:08  Zealot x4  
  104  10:15  Sentry x4  
  91  10:30  Zealot  
  91  10:31  Zealot x3  
  96  10:41  Sentry x2, Zealot x2  
  92  10:51  Immortal  
  82  11:04  Zealot x4  
  84  11:20  Zealot x2, High Templar x2  
  84  11:24  Observer, Archon  
  90  11:27  Zealot x3  
  90  11:32  Probe x2  
  99  11:33  Probe  
  100  11:44  High Templar x2  
  100  11:45  Zealot  
  106  11:48  Archon  
  106  11:51  Observer  
  110  11:56  Zealot x4  
  111  12:04  Zealot  
  111  12:05  Zealot  
  69  12:23  Zealot x4  
  73  12:33  Zealot x2  
  67  12:51  Zealot x3  
  67  12:53  Probe x2  
  67  12:54  Probe  
  76  13:01  Probe x2  
  76  13:02  Observer  
  77  13:10  Probe x2  
  79  13:17  High Templar x4  
  88  13:21  Archon x2  
  88  13:24  High Templar  
  88  13:25  High Templar  
  96  13:44  Immortal  
  96  13:57  Zealot x4, High Templar x2  
  96  14:02  Photon Cannon  
  108  14:03  Archon  
  98  14:14  Archon  
  96  14:25  Zealot x4  
  88  14:31  Zealot x2  
Show
View Real Time Build Order
Export as new Build Order

soO Zerg - Winner!

Build Orders: Hatch First 

Get SALT Encoding   

  12  0:00  Drone  
  13  0:12  Overlord  
  13  0:16  Drone  
  14  0:30  Drone x2  
  14  0:33  Drone  
  17  0:56  Hatchery  
  16  0:57  Drone  
  16  0:59  Drone  
  18  1:11  Extractor  
  18  1:14  Spawning Pool  
  16  1:18  Drone  
  16  1:22  Drone  
  18  1:27  Drone  
  19  1:38  Drone  
  20  1:51  Hatchery  
  20  1:54  Drone  
  20  2:01  Drone  
  21  2:09  Drone  
  21  2:11  Queen  
  24  2:16  Drone  
  24  2:19  Drone  
  26  2:27  Overlord  
  26  2:34  Extractor  
  26  2:35  Queen  
  27  2:40  Metabolic Boost  
  27  2:43  Drone  
  28  2:46  Drone  
  28  2:48  Drone  
  30  2:52  Drone x2  
  30  2:55  Drone  
  33  3:02  Drone  
  33  3:03  Queen  
  36  3:06  Drone  
  36  3:12  Drone  
  38  3:15  Queen  
  38  3:18  Overlord  
  40  3:20  Drone  
  40  3:22  Drone  
  42  3:30  Spore Crawler  
  42  3:31  Drone  
  42  3:36  Drone x2, Spore Crawler  
  42  3:37  Drone x2  
  42  3:38  Drone  
  46  3:43  Drone  
  46  3:44  Drone x2  
  49  3:49  Drone, Overlord  
  49  3:52  Overlord  
  50  4:04  Overlord  
  50  4:07  Drone, Spore Crawler  
  50  4:10  Queen  
  50  4:11  Zergling x6  
  50  4:12  Zergling x2, Drone x2  
  58  4:21  Lair  
  58  4:22  Drone  
  58  4:23  Drone x2  
  58  4:24  Drone x2  
  63  4:27  Drone x2  
  63  4:28  Drone  
  66  4:35  Drone x2  
  66  4:37  Drone  
  66  4:40  Overlord  
  66  4:41  Extractor x2  
  66  4:43  Zergling x4, Roach Warren  
  66  4:45  Drone  
  66  4:55  Overlord  
  66  4:59  Overlord  
  65  5:01  Queen  
  65  5:04  Zergling x6  
  65  5:06  Drone, Overlord  
  71  5:16  Queen, Overlord  
  73  5:21  Nydus Network  
  73  5:22  Roach  
  73  5:23  Roach x5  
  84  5:32  Roach x3  
  84  5:33  Roach  
  92  5:39  Roach  
  92  5:40  Roach  
  88  5:54  Zergling x16  
  96  5:59  Nydus Canal  
  96  6:01  Roach  
  98  6:04  Overlord  
  98  6:07  Glial Reconstitution  
  98  6:08  Overlord  
  98  6:22  Queen x2, Overlord  
  98  6:24  Roach x2  
  106  6:28  Roach x4  
  106  6:32  Zergling x4  
  112  6:40  Zergling x2  
  112  6:41  Overlord  
  112  6:42  Roach x4  
  112  6:46  Overlord  
  121  6:48  Queen  
  121  6:52  Roach  
  121  6:56  Roach  
  121  6:58  Queen  
  118  7:01  Roach  
  118  7:02  Queen  
  110  7:09  Roach x2  
  110  7:12  Roach x2  
  106  7:18  Roach x2  
  106  7:21  Roach  
  100  7:24  Roach  
  100  7:26  Roach  
  100  7:31  Roach  
  100  7:34  Roach x2  
  96  7:37  Roach x2  
  96  7:38  Queen, Roach  
  102  7:45  Drone x2  
  102  7:47  Extractor  
  102  7:48  Extractor  
  102  7:49  Drone, Extractor  
  98  7:58  Drone x5  
  98  8:00  Overseer  
  98  8:04  Nydus Canal  
  103  8:18  Drone x3  
  106  8:24  Roach x9  
  124  8:38  Overlord  
  124  8:46  Hatchery  
  122  8:51  Overseer, Roach x4  
  122  8:55  Overlord  
  130  8:59  Overlord  
  130  9:00  Ravager x4  
  130  9:01  Roach x2  
  130  9:02  Overlord  
  138  9:03  Overlord  
  138  9:08  Overlord  
  138  9:14  Roach  
  138  9:15  Roach x3  
  146  9:17  Overlord  
  146  9:25  Roach x5  
  156  9:33  Roach x5  
  156  9:37  Ravager x4  
  170  9:40  Roach x5  
  180  9:49  Ravager x2  
  180  9:50  Roach x2  
  180  9:51  Overlord  
  180  9:52  Overlord  
  186  9:54  Evolution Chamber  
  186  9:57  Ravager  
  186  10:04  Nydus Canal  
  184  10:11  Roach  
  184  10:12  Roach x4  
  184  10:19  Roach x2  
  170  10:24  Roach x6  
  170  10:26  Roach  
  170  10:27  Roach  
  165  10:30  Roach x2  
  165  10:32  Roach  
  165  10:33  Roach x2  
  165  10:35  Roach x3  
  157  10:39  Roach  
  157  10:40  Roach x2  
  151  10:45  Roach  
  147  10:53  Roach  
  147  10:56  Roach x2  
  146  11:02  Roach x3  
  139  11:09  Roach  
  126  11:12  Roach x2  
  124  11:26  Ravager x3  
  124  11:30  Zergling x14, Ravager  
  135  11:37  Zergling x6  
  138  11:42  Ravager x2, Roach  
  138  11:43  Zergling x4  
  144  11:49  Roach  
  144  11:51  Roach  
  148  11:55  Zergling x4, Roach x3  
  150  12:01  Roach  
  150  12:03  Roach x2  
  150  12:05  Roach  
  141  12:11  Roach x2  
  141  12:15  Roach x2  
  136  12:21  Roach x3  
  137  12:23  Roach  
  137  12:24  Roach  
  137  12:26  Roach  
  137  12:29  Roach  
  127  12:33  Roach x2  
  121  12:37  Roach  
  121  12:41  Roach  
  117  12:49  Roach x4  
  111  12:59  Ravager  
  110  13:06  Queen x2  
  110  13:11  Ravager x2  
  110  13:12  Zergling x12, Roach x2  
  124  13:16  Queen  
  124  13:19  Overseer  
  126  13:26  Ravager x2  
  128  13:28  Drone  
  129  13:35  Roach x5  
  139  13:45  Ravager  
  140  13:53  Roach x7  
  154  14:02  Roach x5  
  164  14:08  Ravager  
  164  14:09  Zergling x4, Roach  
  168  14:16  Zergling x2, Ravager  
  168  14:17  Zergling x6, Roach  
  175  14:20  Roach  
  175  14:21  Roach  
  175  14:22  Roach  
Tags
 
Add a new tag
Caveats
  • Supply blocks, unpowered buildings, or Contaminate may cause inaccurate times.
  • Supply counts are checked every 10 seconds.